 Dungeon Crawl Stone Soup version 0.30-a0-364-gf6b3ef1049 (webtiles) character file.

Game seed: 12985918068105570688

30786 retardedninja the Cleaver (level 13, -1/124 HPs)
             Began as a Hill Orc Fighter on Nov 15, 2022.
             Was the Champion of Qazlal.
             Slain by a large abomination (23 damage)
             ... on level 1 of the Abyss.
             The game lasted 00:25:34 (17527 turns).

retardedninja the Cleaver (Hill Orc Fighter)       Turns: 17527, Time: 00:25:34

Health: -1/124     AC: 28    Str: 24    XL:     13   Next: 53%
Magic:  0/13       EV: 11    Int:  8    God:    Qazlal [******]
Gold:   1400       SH:  8    Dex: 19    Spells: 12/12 levels left

rFire   . . .      SeeInvis .    F - +6 battleaxe
rCold   . . .      Faith    .    (shield currently unavailable)
rNeg    . . .      Spirit   +    R - +1 plate armour
rPois   +          Reflect  .    P - +1 helmet "Boqy" {-Cast Dex+9}
rElec   .          Harm     .    L - +2 cloak
rCorr   .          Rampage  .    s - +1 Delatra's gloves {ID++}
Will    .....      NoCast   +    (no boots)
Stlth   ..........               D - amulet of guardian spirit
HPRegen 0.40/turn                g - +4 ring of evasion
MPRegen 0.13/turn                d - ring of poison resistance

@: protected from physical damage, repel missiles
A: no striking features
a: Renounce Religion, Upheaval, Elemental Force, Disaster Area


You were on level 1 of the Abyss.
You worshipped Qazlal.
Qazlal was exalted by your worship.
You visited 2 branches of the dungeon, and saw 15 of its levels.
You visited the Abyss 1 time.
You also visited: Ossuary.

You collected 1400 gold pieces.

Inventory:

Hand Weapons
 F - a +6 battleaxe (weapon)
Missiles
 y - 5 throwing nets (quivered)
 A - 2 boomerangs of dispersal
 Q - 6 javelins
Armour
 s - the +1 Delatra's gloves (worn) {ID++}
   (You found it on level 2 of the Dungeon)

   It heals its wearer when they drink unknown potions.
   It restores its wearer's MP when they read unknown scrolls.
 L - a +2 cloak (worn)
 P - the +1 helmet "Boqy" (worn) {-Cast Dex+9}
   (You found it on level 11 of the Dungeon)

   Dex:       It affects your dexterity (+9).
   -Cast:     It prevents spellcasting.
 R - a +1 plate armour (worn)
Jewellery
 b - a ring of willpower
 d - a ring of poison resistance (right hand)
 f - a ring of ice
 g - a +4 ring of evasion (left hand)
 D - an amulet of guardian spirit (around neck)
 K - a ring of flight
Wands
 k - a wand of acid (23)
 n - a wand of flame (11)
 G - a wand of iceblast (18)
 H - a wand of polymorph (10)
 M - a wand of paralysis (5)
Scrolls
 a - a scroll of enchant weapon
 c - 7 scrolls of identify
 e - 5 scrolls of teleportation
 i - 2 scrolls of magic mapping
 l - a scroll of silence {unknown}
 u - 3 scrolls of fear
 C - 3 scrolls of vulnerability
 E - 2 scrolls of immolation
 I - 2 scrolls of poison
 N - a scroll of fog
Potions
 j - a potion of ambrosia {unknown}
 o - 2 potions of magic {unknown}
 q - 6 potions of brilliance
 r - 6 potions of curing
 t - 3 potions of invisibility {unknown}
 v - 5 potions of flight
 w - 5 potions of lignification
 x - a potion of berserk rage {unknown}
 z - 2 potions of resistance {unknown}
 B - 4 potions of attraction {unknown}
 J - 4 potions of cancellation {unknown}
 O - 2 potions of mutation {unknown}


   Skills:
 + Level 14.0 Fighting
 + Level 14.9 Axes
 + Level 13.0 Armour
 + Level 12.9 Shields


You had 12 spell levels left.
You didn't know any spells.
Your spell library contained the following spells:

 Spells                   Type           Power      Damage    Failure   Level
 Freeze                   Ice            0%         1d3       98%         1
 Static Discharge         Conj/Air       0%         2-2/arc   99%         2
 Frozen Ramparts          Ice            0%         1d1       100%        3
 Hailstorm                Conj/Ice       0%         3d3       100%        3
 Vhi's Electric Charge    Tloc/Air       0%         N/A       100%        3
 Arcjolt                  Conj/Air       0%         1d10      100%        5
 Lightning Bolt           Conj/Air       0%         1d11      100%        5


Dungeon Overview and Level Annotations

Branches:
Dungeon (11/15)            Temple (0/1) D:4            Lair (4/5) D:11
 Shoals (0/4) Lair:3        Snake (0/4) Lair:3      Ossuary (visited)
  Slime: Lair:4-5       Orc: D:9-12

Altars:
Hepliaklqana
Makhleb
Qazlal
Ru
Sif Muna
Vehumet
Yredelemnul
The Shining One

Shops:
D:10 :   D:11 :

Annotations:
Lair:4 Sonja


Message History

The Executioner hits you but does no damage.
The Executioner hits you.
* * * LOW HITPOINT WARNING * * *
The Executioner attacks as you move away!
The Executioner hits you but does no damage. x3
You are suddenly pulled into a different region of the Abyss!
A large abomination comes into view.
You block the large abomination's attack.
You slash the large abomination!
The large abomination is lightly damaged.
The large abomination hits you!!
* * * LOW HITPOINT WARNING * * *
You hit the large abomination.
The large abomination is moderately damaged.
A small abomination comes into view.
The large abomination hits you but does no damage.
Unknown command.
A large abomination comes into view.
The large abomination barely misses you.
The large abomination hits you!!
* * * LOW HITPOINT WARNING * * *
You feel more protected from physical attacks.
You feel much better.
The large abomination barely misses you.
You hit the large abomination.
The large abomination is moderately damaged.
You block the large abomination's attack.
You slash the large abomination!
The large abomination is heavily damaged.
The large abomination hits you!
* * * LOW HITPOINT WARNING * * *
Okay, then.
A tentacled starspawn comes into view.
The large abomination hits you!!
* * * LOW HITPOINT WARNING * * *
You feel more protected from physical attacks.
A tentacle flies out from the starspawn's body!
A starspawn tentacle comes into view.
You feel better. The large abomination hits you!!
You die...

. .. ## ...
#.# .#. ..#
# .§ #.. #.
## ###... .#
. # ##..Λ.#
.##. .. #X #
#.#│#.#.....
.# . ##
#.X#§....#
####. ..#
##.X@§○...#
#.. ..#
##x##§.#..##
. ..#.
###.#.##.# #
###
#.x...#X#.#
#.. .#.
#..##...###
### .#.##
.##..#
#.x.####
##### ##.#
.# ##.##


You could see a tentacled starspawn, a large abomination and a small
abomination.

Vanquished Creatures
  Snorg (Lair:4)
  3 hydras
  Harold (D:9)
  A two-headed ogre (D:10)
  A death yak (Lair:4)
  3 boulder beetles
  A glowing orange brain (Abyss:1)
  A manticore (D:11)
  2 black mambas
  A guardian serpent (Lair:3)
  A torpor snail (Lair:4)
  Joseph (D:7)
  8 cane toads
  4 komodo dragons
  Maggie (D:6)
  A kobold demonologist (D:10)
  4 polar bears
  A troll (D:11)
  Prince Ribbit (D:5)
  A hornet (D:5)
  12 blink frogs
  3 dream sheep (Lair:4)
  Sigmund (D:3)
  2 wraiths
  27 yaks
  A vampire (D:10)
  4 basilisks
  4 wyverns
  2 vampire mosquitoes (D:9)
  2 steam dragons
  2 wargs
  8 water moccasins
  4 orc warriors
  2 ice beasts
  A black bear (D:6)
  20 wolves
  A sky beast (D:7)
  5 ogres
  6 centaurs (D:11)
  A phantom (D:5)
  2 kobold brigands
  9 bullfrogs
  A necrophage (D:6)
  4 gnoll sergeants
  3 scorpions
  4 wights (D:8)
  15 killer bees
  An electric eel (Lair:3)
  6 howler monkeys
  4 hounds
  Crazy Yiuf (D:7)
  A gnoll bouda (D:5)
  An orc priest (D:10)
  3 jellies
  6 iguanas
  13 orc wizards
  2 scorpion zombies (D:3)
  Ijyb (D:4)
  8 mummies (Ossuary)
  13 adders
  24 gnolls
  A shadow imp (D:5)
  2 ufetubi (D:5)
  6 worms
  2 dart slugs
  42 orcs
  11 ball pythons
  4 bats
  8 endoplasms
  5 giant cockroaches
  5 goblins
  3 hobgoblins
  10 jackals
  A quokka (D:3)
  A ball python zombie (D:3)
  6 frilled lizards
  A gnoll zombie (Ossuary)
  4 hobgoblin zombies (Ossuary)
  19 kobolds
  A kobold zombie (Ossuary)
  2 orc zombies (Ossuary)
  5 rats
407 creatures vanquished.

Vanquished Creatures (others)
  8 fungi
  18 plants
  A starspawn tentacle (Abyss:1)
27 creatures vanquished.

Grand Total: 434 creatures vanquished

Notes
Turn   | Place    | Note
-------+----------+-------------------------------------------
     0 | D:1      | retardedninja the Hill Orc Fighter began the quest for the
                  | Orb.
     0 | D:1      | Reached XP level 1. HP: 19/19 MP: 1/1
   160 | D:1      | Reached XP level 2. HP: 23/27 MP: 2/2
   340 | D:1      | Found a faded altar of an unknown god.
   354 | D:1      | Prayed at the altar of an unknown god.
   354 | D:1      | Became a worshipper of Qazlal Stormbringer
   354 | D:1      | Reached * piety under Qazlal
   384 | D:1      | Reached XP level 3. HP: 33/33 MP: 3/3
  1049 | D:2      | Identified the +6 dagger "Murur" {flame, rC+ Will- Str+3
                  | Dex+2}
  1319 | D:2      | Reached XP level 4. HP: 39/40 MP: 4/4
  1340 | D:2      | Reached ** piety under Qazlal
  1880 | D:2      | Found the +1 Delatra's gloves {ID++}
  1888 | D:2      | Reached XP level 5. HP: 38/47 MP: 5/5
  2217 | D:3      | Found a basalt altar of Yredelemnul.
  2488 | D:3      | Reached skill level 5 in Fighting
  2488 | D:3      | Reached XP level 6. HP: 50/56 MP: 6/6
  2822 | D:3      | Noticed Sigmund
  2833 | D:3      | Killed Sigmund
  2834 | D:3      | Reached skill level 5 in Axes
  2834 | D:3      | Reached skill level 5 in Armour
  2834 | D:3      | Reached skill level 5 in Shields
  2834 | D:3      | Reached XP level 7. HP: 61/61 MP: 7/7
  3163 | D:4      | Found a staircase to the Ecumenical Temple.
  3163 | D:4      | Noticed Ijyb
  3178 | D:4      | Killed Ijyb
  3275 | D:4      | Reached *** piety under Qazlal
  3513 | D:4      | Found a sacrificial altar of Ru.
  3688 | D:5      | Entered Level 5 of the Dungeon
  3691 | D:5      | Noticed Prince Ribbit
  3714 | D:5      | Killed Prince Ribbit
  3820 | D:5      | Found a sand-covered staircase.
  3828 | Ossuary  | Entered an ossuary
  3847 | Ossuary  | Reached XP level 8. HP: 35/71 MP: 8/8
  4196 | D:5      | Noticed a hornet
  4209 | D:5      | Killed a hornet
  4281 | D:5      | Reached **** piety under Qazlal
  4388 | D:5      | Found a burning altar of Makhleb.
  4700 | D:5      | Reached XP level 9. HP: 67/79 MP: 9/9
  6196 | D:6      | Noticed Maggie
  6207 | D:6      | Killed Maggie
  6541 | D:7      | Reached XP level 10. HP: 91/91 MP: 10/10
  6680 | D:7      | Found a radiant altar of Vehumet.
  6710 | D:7      | Noticed Joseph
  6730 | D:7      | Killed Joseph
  7145 | D:7      | Found a runed translucent door.
  7146 | D:7      | Noticed Crazy Yiuf
  7448 | D:7      | Killed Crazy Yiuf
  7914 | D:8      | Reached skill level 10 in Axes
  9173 | D:9      | Reached skill level 10 in Fighting
  9370 | D:9      | Noticed Harold
  9383 | D:9      | Killed Harold
  9815 | D:10     | Entered Level 10 of the Dungeon
  9828 | D:10     | Noticed a kobold demonologist
  9835 | D:10     | Killed a kobold demonologist
  9836 | D:10     | Reached XP level 11. HP: 98/101 MP: 11/11
  9954 | D:10     | Reached ***** piety under Qazlal
  9957 | D:10     | Found a glowing golden altar of the Shining One.
 10017 | D:10     | Found a shimmering blue altar of Sif Muna.
 10109 | D:10     | Found Repumur's Book Boutique.
 10220 | D:10     | Reached skill level 10 in Armour
 10261 | D:10     | Found a hazy altar of Hepliaklqana.
 10812 | D:11     | Noticed a boulder beetle
 10814 | D:11     | Reached skill level 10 in Shields
 10830 | D:11     | Killed a boulder beetle
 11325 | D:11     | Found Metamp's Book Shoppe.
 11335 | D:11     | Identified the +1 helmet "Boqy" {-Cast Dex+9}
 11430 | D:11     | Noticed a boulder beetle
 11435 | D:11     | Noticed a manticore
 11441 | D:11     | Noticed a two-headed ogre
 11618 | D:10     | Killed a two-headed ogre
 12070 | D:10     | Killed a boulder beetle
 12343 | D:11     | Noticed a boulder beetle
 12345 | D:11     | Killed a manticore
 12351 | D:11     | Killed a boulder beetle
 12471 | D:11     | Identified the +1 leather armour "Nouv" {Rampage Str+8
                  | Int-4}
 12632 | D:11     | Found a staircase to the Lair.
 12732 | Lair:1   | Entered Level 1 of the Lair of Beasts
 12743 | Lair:1   | Reached XP level 12. HP: 92/112 MP: 9/12
 13619 | Lair:2   | Noticed a five-headed hydra
 13632 | Lair:2   | Killed an eight-headed hydra
 13893 | Lair:2   | Found the +7 Kryia's mail coat {PotionHeal*2 rC+}
 14946 | Lair:3   | Found a staircase to the Shoals.
 15072 | Lair:3   | Noticed an eight-headed hydra
 15075 | Lair:3   | Noticed a death yak
 15447 | Lair:2   | Reached XP level 13. HP: 37/122 MP: 2/13
 15936 | Lair:3   | Reached ****** piety under Qazlal
 16376 | Lair:3   | Found a staircase to the Snake Pit.
 16721 | Lair:4   | Noticed Snorg
 16736 | Lair:4   | Killed Snorg
 17380 | Lair:4   | Noticed Sonja
 17384 | Abyss:1  | Cast into level 1 of the Abyss (Sonja)
 17438 | Abyss:1  | Noticed an Executioner
 17525 | Abyss:1  | Noticed a tentacled starspawn
 17527 | Abyss:1  | Slain by a large abomination

Illustrated notes

Levels and vault maps discovered:
D:1:      erik_arrival_blinker_ship, layout_basic,
          shapermc_ecumenical_altar_notcrosses
D:2:      layout_basic, pf_guarded_unrand_delatra
D:3:      layout_loops_corners, nicolae_yredelemnul_corpse_copse,
          columned_hall_lemuel, uniq_sigmund
D:4:      layout_rooms, hangedman_ru_absence, minmay_temple_entry_sparse_star,
          uniq_ijyb
D:5:      minmay_clustersquares, layout_rooms, mainiacjoe_overflow_alcove_4,
          nicolae_ossuary_entry_monument, hex_medium, uniq_prince_ribbit1
D:6:      layout_rooms, uniq_maggie
D:7:      layout_loops_ring, vehumet_altar_wand_db, uniq_crazy_yiuf_cottage,
          uniq_joseph
D:8:      layout_basic
D:9:      layout_loops_cross, minmay_lizard_king, uniq_harold
D:10:     layout_rooms, nicolae_hepliaklqana_hippocampus,
          mainiacjoe_overflow_big_doors, serial_shops,
          nicolae_inconvenience_store, serial_bayou_pond_c
D:11:     layout_cave_pools, erik_lair_orcish_takeover, serial_shops, shop
Lair:1:   layout_regular_city, grunt_megastairs_3
Lair:2:   layout_cellular_growth, serial_bayou_shore_b, serial_bayou_shore_b
Lair:3:   nzn_winding_woodlands_small [nzn_winding_woodlands_5x15_eye,
          nzn_winding_woodlands_center_pierced_h,
          nzn_winding_woodlands_5x15_zeroes], layout_hall_layers,
          shoals_dummy_entry, minmay_snake_entry_spellcaster,
          amcnicky_mini_pool_medium
Lair:4:   minmay_lair_oklob_tunnel, layout_regular_city, beast_lair_carwin_4,
          serial_bayou_shore_a, uniq_snorg, uniq_sonja
Abyss:1:  base:
D:3

Skill      XL: |  1  2  3  4  5  6  7  8  9 10 11 12 13 |
---------------+----------------------------------------+-----
Axes           | 3 4 5 6 7 9 11 12 14 | 14.9
Fighting       | 4 5 6 7 9 10 11 13 14 | 14.0
Armour         | 4 5 6 8 9 11 12 13 | 13.0
Shields        | 4 5 6 8 9 11 12 | 12.9

Action                   |  1- 3 |  4- 6 |  7- 9 | 10-12 | 13-15 || total
-------------------------+-------+-------+-------+-------+-------++-------
Melee: War axe           |    96 |   108 |   331 |    49 |       ||   584
       Battleaxe         |       |       |       |   395 |   111 ||   506
Throw: Throwing net      |       |       |       |     3 |       ||     3
Evoke: Wand              |       |       |       |     1 |       ||     1
  Use: Potion            |       |     1 |     3 |     5 |     7 ||    16
       Scroll            |       |       |    11 |    11 |     4 ||    26
 Stab: Held in net/web   |       |       |       |     1 |       ||     1
Armor: Scale mail        |    55 |    14 |       |       |       ||    69
       Chain mail        |       |    35 |   140 |   247 |    11 ||   433
       Plate armour      |       |       |       |       |   129 ||   129
Dodge: Dodged            |    32 |    55 |   121 |   237 |   103 ||   548
       Repelled          |       |       |       |     6 |       ||     6
Block: Buckler           |    32 |    36 |   177 |    25 |       ||   270
       Other             |       |       |       |   213 |    77 ||   290
       Reflection        |       |       |       |    11 |       ||    11

Table legend: (Time is in decaauts)
 A = Elapsed time spent in this place.
 B = Non-inter-level travel time spent in this place.
 C = Inter-level travel time spent in this place.
 D = Time resting spent in this place.
 E = Time spent auto-exploring this place.
 F = Levels seen in this place.
 G = Mean time per level.
                   A        B        C        D        E       F      G
               +--------+--------+--------+--------+--------+-----+--------+
         Total |  17605 |  17125 |    480 |   4665 |   9823 |  17 | 1035.6 |
       Dungeon |  12532 |  12146 |    386 |   2953 |   7262 |  11 | 1139.3 |
          Lair |   4592 |   4498 |     94 |   1583 |   2380 |   4 | 1148.0 |
         Abyss |    142 |    142 |      0 |      0 |     37 |   1 |  142.0 |
       Ossuary |    338 |    338 |      0 |    129 |    144 |   1 |  338.0 |
               +--------+--------+--------+--------+--------+-----+--------+

Top non-repeatable levels by time:
  Lair:2: 2079 daAuts
    D:10: 1852 daAuts
     D:6: 1535 daAuts
  Lair:3: 1352 daAuts
     D:9: 1301 daAuts
     D:3: 1188 daAuts
    D:11: 1071 daAuts
     D:7: 1060 daAuts
     D:2: 1037 daAuts
     D:1: 1006 daAuts
     D:5: 994 daAuts
     D:8: 942 daAuts
  Lair:1: 885 daAuts
     D:4: 542 daAuts
 Ossuary: 338 daAuts
